 Dungeon Crawl Stone Soup version 0.22-a0-322-g60b3cfd (webtiles) character file.

46 Goblin1989 the Conjurer (level 3, -2/24 HPs)
             Began as a Demonspawn Wizard on Apr 6, 2018.
             Slain by an orc wizard
             ... wielding a +0 dagger
              (4 damage)
             ... on level 3 of the Dungeon.
             The game lasted 00:04:59 (2122 turns).

Goblin1989 the Conjurer (Demonspawn Wizard)         Turns: 2122, Time: 00:05:01

Health: -2/24      AC:  8    Str:  7    XL:     3   Next: 46%
Magic:  12/16      EV: 12    Int: 20    God:
Gold:   123        SH:  0    Dex: 11    Spells: 0/8 levels left

rFire    . . .     SeeInvis .   g - +0 short sword
rCold    . . .     Gourm    .   (no shield)
rNeg     . . .     Faith    .   o - +0 robe {Archmagi}
rPois    .         Spirit   .   b - +0 hat
rElec    .         Reflect  .   n - +0 cloak
rCorr    .         Harm     .   (no gloves)
MR       .....                  (no boots)
Stlth    ++........             (no amulet)
HPRegen  0.08/turn              s - ring of magical power (curse)
MPRegen  0.15/turn              t - +5 ring of protection

@: very slightly contaminated
A: demonic guardian 1
a: no special abilities


You were on level 3 of the Dungeon.
You were hungry.

You visited 1 branch of the dungeon, and saw 3 of its levels.

You collected 123 gold pieces.

Inventory:

Hand Weapons
 g - a +0 short sword (weapon)
 q - a +0 whip
Armour
 b - a +0 hat (worn)
 n - a +0 cloak (worn)
 o - a +0 robe of the Archmagi (worn)
Jewellery
 s - a cursed ring of magical power (left hand)
 t - a +5 ring of protection (right hand)
Scrolls
 i - a scroll of identify {unknown}
 j - a scroll of remove curse {unknown}
 k - 3 scrolls of teleportation {unknown}
 m - a scroll of blinking {unknown}
Potions
 h - a potion of mutation {unknown}
 r - a potion of haste {unknown}
Comestibles
 e - 6 rations
 u - 2 chunks of flesh


   Skills:
 - Level 1.7 Dodging
 - Level 1.7 Stealth
 + Level 3.1 Spellcasting
 + Level 3.2 Conjurations
 - Level 1.0 Summonings
 - Level 0.8 Translocations
 * Level 0.0 Fire Magic


You couldn't memorise any spells.
You knew the following spells:

 Your Spells              Type           Power        Failure   Level  Hunger
a - Magic Dart            Conj           ###.         3%          1    None
b - Call Imp              Summ           ##......     14%         2    ##.....
d - Blink                 Tloc           N/A          16%         2    ##.....
j - Conjure Flame         Conj/Fire      ##......     22%         3    ###....


Dungeon Overview and Level Annotations

Branches:
Dungeon (3/15)

Altars:
Yredelemnul
The Shining One


Innate Abilities, Weirdness & Mutations

A weak demonic guardian rushes to your aid.


Message History

Press: ? - help, Shift-Dir - straight line, f/p - orc
Aim: an orc (moderately wounded)
You feel a surge of power!
The magic dart hits the orc.
You kill the orc!
You now have 14/16 mp.
Casting: Magic Dart (safe; 3% risk of failure)
Confirm with . or Enter, or press ? or * to list all spells.
You can't see any susceptible monsters within range! (Use Z to cast anyway.)
Casting: Magic Dart (safe; 3% risk of failure)
Confirm with . or Enter, or press ? or * to list all spells.
You can't see any susceptible monsters within range! (Use Z to cast anyway.)
Something hits you but does no damage. Something hits you but does no damage.
Something hits you.
You take 3 damage, and have 21/24 hp.
You closely miss something. Something hits you but does no damage.
You barely miss something. Something hits you but does no damage.
You closely miss something. Something hits you but does no damage.
MP restored: 16 You miss something.
Something hits you but does no damage.
You miss something.
You are feeling hungry.
Something hits you but does no damage.
You miss something. Something hits you.
You take 2 damage, and have 20/24 hp.
You hit something but do no damage. Something hits you but does no damage.
You barely miss something. Something hits you but does no damage.
You closely miss something. Something barely misses you. Something hits you.
You take 3 damage, and have 17/24 hp.
You miss something. Something hits you but does no damage.
You closely miss something. Something hits you.
You take 3 damage, and have 14/24 hp.
You barely miss something.
You hear some strange, mumbled words.
A magic dart appears from out of thin air!
The magic dart hits you!
* * * LOW HITPOINT WARNING * * *
You take 4 damage, and have 10/24 hp.
You barely miss something. Something hits you.
* * * LOW HITPOINT WARNING * * *
You take 4 damage, and have 6/24 hp.
You closely miss something. Something hits you but does no damage.
Casting: Magic Dart (safe; 3% risk of failure)
Confirm with . or Enter, or press ? or * to list all spells.
You can't see any susceptible monsters within range! (Use Z to cast anyway.) Unknown command.
Casting: Magic Dart (safe; 3% risk of failure)
Confirm with . or Enter, or press ? or * to list all spells.
Aiming: Magic Dart (safe; 3% risk of failure)
Press: ? - help, Shift-Dir - straight line You feel a surge of power!
The magic dart hits something.
Something hits you but does no damage.
You now have 15/16 mp.
Casting: Magic Dart (safe; 3% risk of failure)
Confirm with . or Enter, or press ? or * to list all spells.
You don't know that spell.
You miss something. Something hits you.
* * * LOW HITPOINT WARNING * * *
You take 1 damage, and have 5/24 hp.
Casting: Magic Dart (safe; 3% risk of failure)
Confirm with . or Enter, or press ? or * to list all spells.
Aiming: Magic Dart (safe; 3% risk of failure)
Press: ? - help, Shift-Dir - straight line You feel a surge of power!
You miscast Magic Dart.
You are very lightly contaminated with residual magic.
Nothing appears to happen.
Something hits you.
* * * LOW HITPOINT WARNING * * *
You take 1 damage, and have 4/24 hp.
You now have 14/16 mp.
Casting: Magic Dart (safe; 3% risk of failure)
Confirm with . or Enter, or press ? or * to list all spells.
Aiming: Magic Dart (safe; 3% risk of failure)
Press: ? - help, Shift-Dir - straight line You feel a surge of power!
The magic dart hits something.
You hear some strange, mumbled words.
A magic dart appears from out of thin air!
The magic dart hits you!
* * * LOW HITPOINT WARNING * * *
You take 2 damage, and have 2/24 hp.
You now have 13/16 mp.
Casting: Magic Dart (safe; 3% risk of failure)
Confirm with . or Enter, or press ? or * to list all spells.
Aiming: Magic Dart (safe; 3% risk of failure)
Press: ? - help, Shift-Dir - straight line You feel a surge of power!
You miscast Magic Dart.
Nothing appears to happen.
Something hits you but does no damage.
You now have 12/16 mp.
Casting: Magic Dart (safe; 3% risk of failure)
Confirm with . or Enter, or press ? or * to list all spells.
You don't know that spell.
You closely miss something. Something hits you but does no damage.
Casting: Magic Dart (safe; 3% risk of failure)
Confirm with . or Enter, or press ? or * to list all spells.
Aiming: Magic Dart (safe; 3% risk of failure)
Press: ? - help, Shift-Dir - straight line You feel a surge of power!
The magic dart hits something.
Something hits you but does no damage.
You now have 12/16 mp.
You start resting.
Something hits you.
* * * LOW HITPOINT WARNING * * *
You barely miss something. Something hits you.
You die... ████████

.......... ...........
........... ...
.....>..... █..█████
........... █.{█.█.█
........... █..█...█
........... █.o█@█.█
...........
█..█.█.██████████.█∆█
█.)█.█....█████ █.█.█
█.............█ █.█[█
█.........███.█ █.█.█
█...........█.█ █.█.█
██........█.█.███.█.█
.$........█.█.....█.█
......█....█.███████.█


There were no monsters in sight!

Vanquished Creatures
  A worm (D:2)
  A leopard gecko (D:2)
  3 orcs
  2 ball pythons (D:1)
  7 bats
  A giant cockroach (D:2)
  3 goblins (D:1)
  2 hobgoblins (D:2)
  6 jackals (D:1)
  2 kobolds (D:2)
  2 quokkas
  A frilled lizard (D:2)
  6 rats
37 creatures vanquished.

Notes
Turn   | Place    | Note
-------+----------+-------------------------------------------
     0 | D:1      | Goblin1989 the Demonspawn Wizard began the quest for the Orb.
     0 | D:1      | Reached XP level 1. HP: 13/13 MP: 4/4
   320 | D:1      | Gained mutation: A weak demonic guardian rushes to your aid. [demonic ancestry]
   320 | D:1      | Reached XP level 2. HP: 19/19 MP: 3/6
  1410 | D:2      | Reached XP level 3. HP: 24/24 MP: 3/7
  1687 | D:2      | Learned a level 3 spell: Conjure Flame
  1690 | D:2      | Learned a level 2 spell: Blink
  1693 | D:2      | Learned a level 2 spell: Call Imp
  1828 | D:2      | Found a basalt altar of Yredelemnul.
  1833 | D:2      | Found a glowing golden altar of the Shining One.
  1835 | D:2      | Noticed an angel
  2122 | D:3      | Slain by an orc wizard

Vault maps used:
D:1:      dpeg_arrival_orchard
D:2:      grunt_temple_overflow_holy_war, first_ration
D:3:      nicolae_overflow_crystal_walls, lemuel_round_altar

Skill      XL: |  1  2 |
---------------+-------+-----
Conjurations   | 2 3 |  3.2
Dodging        | |  1.7
Stealth        | |  1.7
Spellcasting   | |  3.1
Summonings     | |  1.0
Translocations | |  0.8

Action                   || total
-------------------------++-------
Melee: Short sword       ||    37
 Cast: Magic Dart        ||    74
  Eat: Chunk             ||     3
Armor: Robe              ||    23
Dodge: Dodged            ||    20

Table legend:
 A = Spawn XP
 B = Non-spawn XP
 C = Spawn XP percentage of total XP
 D = Spawn monster count
 E = Non-spawn monster count
 F = Spawn count percentage of total count
 G = Total turns spent on level
                    A         B        C        D         E        F      G
               +---------+---------+-------+---------+---------+-------+---------
         Total |       0 |      67 |   0.0 |       0 |      37 |   0.0 |  2122
               +---------+---------+-------+---------+---------+-------+---------
           D:1 |       0 |      30 |   0.0 |       0 |      19 |   0.0 |  1301
           D:2 |       0 |      29 |   0.0 |       0 |      15 |   0.0 |   689
           D:3 |       0 |       8 |   0.0 |       0 |       3 |   0.0 |   132
               +---------+---------+-------+---------+---------+-------+---------

Vault maps used:
D:1:      dpeg_arrival_orchard
D:2:      grunt_temple_overflow_holy_war, first_ration
D:3:      nicolae_overflow_crystal_walls, lemuel_round_altar
